 Dungeon Crawl Stone Soup version 0.25-a0-2-g6559c6c67a (webtiles) character file.

Game seed: 4408518366364955861, levelgen mode: deterministic

45 Arixos the Charmwright (level 3, 0/18 HPs)
             Began as a Vine Stalker Skald on Oct 14, 2019.
             Slain by a worm (5 damage)
             ... on level 3 of the Dungeon.
             The game lasted 00:03:25 (1213 turns).

Arixos the Charmwright (Vine Stalker Skald)         Turns: 1213, Time: 00:03:26

Health: 0/18       AC:  3    Str: 13    XL:     3   Next: 64%
Magic:  0/7        EV: 12    Int: 13    God:
Gold:   45         SH:  0    Dex: 14    Spells: 0/6 levels left

rFire    . . .     SeeInvis .   a - +0 falchion
rCold    . . .     Gourm    .   (no shield)
rNeg     . . .     Faith    .   b - +0 leather armour
rPois    .         Spirit   +   (no helmet)
rElec    .         Reflect  .   (no cloak)
rCorr    .         Harm     .   (no gloves)
MR       .....                  (no boots)
Stlth    +.........             (no amulet)
HPRegen  0.06/turn              (no ring)
MPRegen  0.10/turn              (no ring)

@: very slightly contaminated
A: fangs 2, magic shield, antimagic bite, no potion heal 3, rot immunity
a: no special abilities


You were on level 3 of the Dungeon.
You were hungry.

You visited 1 branch of the dungeon, and saw 4 of its levels.

You collected 45 gold pieces.

Inventory:

Hand Weapons
 a - a +0 falchion (weapon)
Missiles
 c - 19 poisoned darts (quivered)
Armour
 b - a +0 leather armour (worn)
Jewellery
 e - an uncursed amulet of the gourmand {unknown}
Scrolls
 g - a scroll of enchant armour {unknown}
 i - a scroll of enchant weapon {unknown}
 k - 3 scrolls of teleportation {unknown}
 m - 2 scrolls of identify {unknown}
Potions
 f - a potion of degeneration {unknown}
 h - a potion of heal wounds {unknown}
 j - a potion of flight {unknown}
Comestibles
 d - 3 rations
 l - 2 chunks of flesh


   Skills:
 + Level 2.1 Fighting
 + Level 2.1 Long Blades
 + Level 1.2 Armour
 + Level 1.9 Dodging
 + Level 2.4 Spellcasting
 + Level 3.1 Charms
 + Level 0.2 Necromancy
 + Level 0.6 Translocations


You couldn't memorise any spells.
You knew the following spells:

 Your Spells              Type           Power        Failure   Level  Hunger
a - Infusion              Chrm           #...         9%          1    #......
r - Regeneration          Chrm/Necr      #.........   43%         3    ###....
s - Shroud of Golubria    Chrm/Tloc      #.....       22%         2    ###....

Your spell library contained the following spells:

 Spells                   Type           Power        Failure   Level  Hunger
 Song of Slaying          Chrm           #.......     13%         2    ###....
 Spectral Weapon          Hex/Chrm       #.......     43%         3    ###....


Dungeon Overview and Level Annotations

Branches:
Dungeon (4/15)
 Temple: D:4-7

Altars:


Innate Abilities, Weirdness & Mutations

You have extremely sharp teeth.
When hurt, damage is shared between your health and your magic reserves.
Your bite disrupts and absorbs the magic of your enemies.
Potions cannot restore your health.
You are immune to rotting.


Message History

Casting: Shroud of Golubria (safe; 22% risk of failure)
Confirm with . or Enter, or press ? or * to list all spells.
You miscast Regeneration.
You are very lightly contaminated with residual magic.
You hear strange and distant voices.
You hit the worm but do no damage. You bite the worm. You drain its power.
You feel invigorated.
The worm is heavily wounded.
You barely miss the worm.
The worm is heavily wounded.
The worm completely misses you.
You barely miss the worm.
The worm is heavily wounded.
Your shroud unravels.
The worm misses you.
You riposte.
You hit the worm but do no damage.
The worm is heavily wounded.
You hit the worm.
The worm is almost dead.
The worm bites you!
You die...

# ### #.###.. #.#...#
###.....# ........#
........#
........#############
...........w@>.......
........#############
#########


You could see a worm.

Vanquished Creatures
  A gnoll (D:1)
  An adder (D:2)
  A dart slug (D:1)
  A leopard gecko (D:1)
  2 ball pythons (D:1)
  4 bats (D:1)
  3 goblins (D:1)
  2 hobgoblins
  2 frilled lizards (D:1)
  4 kobolds (D:1)
  5 rats (D:1)
26 creatures vanquished.

Notes
Turn   | Place    | Note
-------+----------+-------------------------------------------
     0 | D:1      | Arixos the Vine Stalker Skald began the quest for the Orb.
     0 | D:1      | Reached XP level 1. HP: 11/11 MP: 4/4
    72 | D:1      | Reached skill level 1 in Armour
   189 | D:1      | Reached XP level 2. HP: 15/15 MP: 6/6
   193 | D:1      | Learned a level 2 spell: Shroud of Golubria
   448 | D:1      | Reached XP level 3. HP: 6/18 MP: 2/7
   649 | D:1      | Learned a level 3 spell: Regeneration
  1129 | D:2      | You fall into a shaft and drop 2 floors!
  1213 | D:3      | Slain by a worm

Levels and vault maps discovered:
D:1:      minmay_arrival_doors, layout_basic
D:2:      layout_basic, kennysheep_generic_room_13
D:3:      layout_rooms, overflow_temple_1_default, first_ration,
          uniq_crazy_yiuf_cottage
D:4:      layout_basic, lemuel_doored_altar, fiery_altar_vehumet, temple_pool_b,
          abandoned_shop, tgw_fedhas

Skill      XL: |  1  2 |
---------------+-------+-----
Armour         | 1 |  1.2
Long Blades    | 2 |  2.1
Fighting       | 2 |  2.1
Dodging        | |  1.9
Spellcasting   | |  2.4
Charms         | |  3.1
Necromancy     | |  0.2
Translocations | |  0.6

Action                   || total
-------------------------++-------
Melee: Falchion          ||    75
       Bite              ||    18
 Cast: Shroud of Golubri ||     6
  Eat: Chunk             ||     1
Armor: Leather armour    ||    12
Dodge: Dodged            ||    44
       Rpst.: Falchion   ||    11

Table legend:
 A = Non-vault XP
 B = Vault XP
 C = Vault XP percentage of total XP
 D = Non-vault monster count
 E = Vault monster count
 F = Vault count percentage of total count
                 A         B        C        D         E       F
            +---------+---------+-------+---------+---------+-------
      Total |      65 |       0 |   0.0 |      26 |       0 |   0.0
            +---------+---------+-------+---------+---------+-------
        D:1 |      50 |       0 |   0.0 |      24 |       0 |   0.0
        D:2 |      15 |       0 |   0.0 |       2 |       0 |   0.0
            +---------+---------+-------+---------+---------+-------
